 Dungeon Crawl Stone Soup version 0.24-a0-235-g3f03afcf10 (webtiles) character file.

Game seed: 10240068697628671833

79 Redear the Skirmisher (level 4, 0/41 HPs)
             Began as a Hill Orc Fighter on Apr 5, 2019.
             Slain by a phantom (3 damage)
             ... on level 3 of the Dungeon.
             The game lasted 00:05:29 (1502 turns).

Redear the Skirmisher (Hill Orc Fighter)            Turns: 1502, Time: 00:05:29

Health: 0/41       AC:  5    Str: 18    XL:     4   Next: 37%
Magic:  4/4        EV: 10    Int:  9    God:
Gold:   92         SH:  0    Dex: 10    Spells: 3/3 levels left

rFire    . . .     SeeInvis .   a - +0 war axe
rCold    . . .     Gourm    .   (no shield)
rNeg     . . .     Faith    .   h - +0 ring mail
rPois    .         Spirit   .   (no helmet)
rElec    .         Reflect  .   (no cloak)
rCorr    .         Harm     .   (no gloves)
MR       .....                  (no boots)
Stlth    ..........             (no amulet)
HPRegen  0.13/turn              (no ring)
MPRegen  0.09/turn              (no ring)

@: no status effects
A: no striking features
a: no special abilities


You were on level 3 of the Dungeon.
You were not hungry.

You visited 1 branch of the dungeon, and saw 3 of its levels.

You collected 92 gold pieces.

Inventory:

Hand Weapons
 a - a +0 war axe (weapon)
Missiles
 e - 111 stones (quivered)
 m - 8 sling bullets
 t - 4 needles of paralysis
 w - 43 arrows
Armour
 b - a +0 scale mail
 c - a +0 shield
 f - a +0 leather armour
 h - a +0 ring mail (worn)
 s - a +0 pair of boots
Jewellery
 i - a cursed amulet of inaccuracy {unknown}
Scrolls
 g - 4 scrolls of remove curse {unknown}
 k - a scroll of amnesia {unknown}
 l - a scroll of teleportation {unknown}
 n - a scroll of noise {unknown}
 o - 2 scrolls of identify {unknown}
 p - a scroll of enchant armour {unknown}
 q - a scroll of fog {unknown}
 v - a scroll of enchant weapon {unknown}
Potions
 d - 2 potions of might {Str+5 DMG+1d10 | @q3}
 j - a potion of magic
Comestibles
 z - 4 rations


   Skills:
 + Level 4.3 Fighting
 + Level 3.6 Axes
 + Level 4.0 Armour
 + Level 4.0 Shields


You had 3 spell levels left.
You didn't know any spells.
Your spell library was empty.

Dungeon Overview and Level Annotations

Branches:
Dungeon (3/15)

Altars:
Dithmenos
Kikubaaqudgha
Trog
Yredelemnul


Message History

You closely miss the phantom.
The phantom is almost destroyed.
The phantom hits you!
* * * LOW HITPOINT WARNING * * *
The phantom blinks!
You take 7 damage, and have 3/41 hp.
You aren't carrying any items that you can evoke.
Unknown command.
Okay, then.
Okay, then.
Quiver which item? (- for none, * to show all) (? for menu, Esc to quit)
Okay, then.
Throwing (i - inventory)
e - 112 stones (quivered)
Press: ? - help, Shift-Dir - straight line, f - phantom
Aim: a phantom (almost destroyed)
You throw a stone. The stone barely misses the phantom.
The phantom blinks!
You closely miss the phantom.
The phantom is almost destroyed.
The phantom hits you.
You die...

...###.###### ... # #.##
... #..# .... ##.# .....
#.# .....# #.# ......#
#.# .......########.#
......=.@..ยง(##.#####.##
....###W####..>.........
. #.# ####.#####.## #.#
#.# #.# #.# #.# #.# #.#
#.# #.. #.# #.#


You could see a phantom.

Vanquished Creatures
  3 adders
  An ooze (D:1)
  A dart slug (D:1)
  A leopard gecko (D:1)
  3 giant cockroaches (D:2)
  9 goblins
  7 hobgoblins
  4 jackals
  3 kobolds
  3 bats
  A frilled lizard (D:1)
  4 rats
40 creatures vanquished.

Notes
Turn   | Place    | Note
-------+----------+-------------------------------------------
     0 | D:1      | Redear the Hill Orc Fighter began the quest for the Orb.
     0 | D:1      | Reached XP level 1. HP: 19/19 MP: 1/1
   240 | D:1      | Reached skill level 3 in Axes
   240 | D:1      | Reached XP level 2. HP: 19/27 MP: 2/2
   456 | D:1      | Reached skill level 4 in Fighting
   767 | D:1      | Reached XP level 3. HP: 31/33 MP: 3/3
   944 | D:2      | Found an ancient bone altar of Kikubaaqudgha.
   944 | D:2      | Found a basalt altar of Yredelemnul.
  1145 | D:2      | Found a bloodstained altar of Trog.
  1145 | D:2      | Found a shadowy altar of Dithmenos.
  1312 | D:2      | Reached XP level 4. HP: 34/40 MP: 4/4
  1449 | D:3      | Noticed a phantom
  1461 | D:3      | Reached skill level 4 in Shields
  1463 | D:3      | Reached skill level 4 in Armour
  1478 | D:3      | HP: 4/41 [phantom (6)]
  1496 | D:3      | HP: 4/41 [phantom (4)]
  1502 | D:3      | Slain by a phantom

Levels and vault maps discovered:
D:1:      dpeg_arrival_morbid_curiosity, layout_rooms
D:2:      layout_rooms, grunt_temple_overflow_open
D:3:      layout_rooms

Skill      XL: |  1  2  3  4 |
---------------+-------------+-----
Axes           | 3 |  3.6
Fighting       | 4 |  4.3
Shields        | 4 |  4.0
Armour         | 4 |  4.0

Action                   |  1- 3 |  4- 6 || total
-------------------------+-------+-------++-------
Melee: War axe           |    97 |    61 ||   158
Throw: Stone             |       |     1 ||     1
  Use: Potion            |       |     3 ||     3
  Eat: Chunk             |     1 |     1 ||     2
Armor: Scale mail        |    12 |       ||    12
       Ring mail         |    43 |    27 ||    70
       Leather armour    |     2 |       ||     2
Dodge: Dodged            |    55 |    32 ||    87
Block: Shield            |     8 |       ||     8

Table legend:
 A = Non-vault XP
 B = Vault XP
 C = Vault XP percentage of total XP
 D = Non-vault monster count
 E = Vault monster count
 F = Vault count percentage of total count
                 A         B        C        D         E       F
            +---------+---------+-------+---------+---------+-------
      Total |     103 |      10 |   8.8 |      35 |       5 |  12.5
            +---------+---------+-------+---------+---------+-------
        D:1 |      28 |      10 |  26.3 |      11 |       5 |  31.2
        D:2 |      50 |       0 |   0.0 |      16 |       0 |   0.0
        D:3 |      25 |       0 |   0.0 |       8 |       0 |   0.0
            +---------+---------+-------+---------+---------+-------
